 Dungeon Crawl Stone Soup version 0.21-a0-264-g3e31e41 (webtiles) character file.

19 Evilsethoss the Caller (level 2, -5/20 HPs)
             Began as a Hill Orc Summoner on Sept 8, 2017.
             Splashed by a jelly's acid (8 damage)
             ... on level 2 of the Dungeon.
             The game lasted 00:10:22 (941 turns).

Evilsethoss the Caller (Hill Orc Summoner)           Turns: 941, Time: 00:10:23

Health: -5/20      AC: -6    Str: 10    XL:     2   Next: 75%
Magic:  1/4        EV: 12    Int: 15    God:
Gold:   43         SH:  0    Dex: 11    Spells: 1/4 levels left

rFire    . . .     SeeInvis .   d - +0 whip
rCold    . . .     Gourm    .   (no shield)
rNeg     . . .     Faith    .   a - +0 robe
rPois    .         Spirit   .   (no helmet)
rElec    .         Reflect  .   (no cloak)
rCorr    .         Harm     .   (no gloves)
MR       .....                  (no boots)
Stlth    ++........             (no amulet)
HPRegen  0.06/turn              (no ring)
MPRegen  0.09/turn              (no ring)

@: corroded, very slightly contaminated
A: no striking features
a: no special abilities


You were on level 2 of the Dungeon.
You were hungry.

You visited 1 branch of the dungeon, and saw 2 of its levels.

You collected 43 gold pieces.

Inventory:

Hand Weapons
 d - a +0 whip (weapon)
Armour
 a - a +0 robe (worn)
Scrolls
 e - a scroll of enchant armour {unknown}
 f - 2 scrolls of identify {unknown}
 g - a scroll of remove curse {unknown}
Books
 b - a book of Callings

   Spells                             Type                      Level
   a - Summon Small Mammal            Summoning                    1
   b - Call Imp                       Summoning                    2
   c - Call Canine Familiar           Summoning                    3
   d - Summon Guardian Golem          Hexes/Summoning              3
   e - Summon Lightning Spire         Summoning/Air                4
   f - Summon Ice Beast               Ice/Summoning                4
Comestibles
 c - a bread ration
 h - a meat ration


   Skills:
 + Level 1.6 Dodging
 + Level 1.5 Stealth
 + Level 1.8 Spellcasting
 + Level 4.5 Summonings


You had one spell level left.
You knew the following spells:

 Your Spells              Type           Power        Failure   Level  Hunger
a - Summon Small Mammal   Summ           ###.         3%          1    ##.....
b - Call Imp              Summ           ###.....     5%          2    ###....


Dungeon Overview and Level Annotations

Branches:
Dungeon (2/15)

Altars:


Message History

Your crimson imp misses the goblin.
The goblin barely misses your crimson imp.
Your crimson imp hits the goblin.
The goblin dies!
The jelly hits your crimson imp but does no damage.
Your crimson imp hits the jelly.
The acid corrodes your crimson imp!
Your crimson imp is burned by acid!
Your crimson imp hits the jelly.
Your crimson imp is burned by acid!
You hit the jelly. The acid corrodes you!
Your hands burn!
The jelly is moderately wounded.
The jelly hits you. The acid corrodes you!
You are splashed with acid!
The acid burns!
* * * LOW HITPOINT WARNING * * *
Your crimson imp hits the jelly.
Your crimson imp is burned by acid!
The jelly hits you.
* * * LOW HITPOINT WARNING * * *
You are splashed with acid!
The acid burns!
You die...

###.###
#.###
#.....#
#.#.#
##..#.#
#.#.#
#..###
#...#
#..#
###.#
#..# #.#
#..# #.#
#..#
#.####
#..#
#.@..+
####
#.5J##
##..#
...#
#.....
#......
#.)......
#........
#........


You could see a jelly and a friendly crimson imp.

Vanquished Creatures
  A leopard gecko (D:1)
  2 bats
  A giant cockroach (D:1)
  2 kobolds
6 creatures vanquished.

Vanquished Creatures (collateral kills)
  2 dart slugs (D:1)
  2 bats (D:1)
  A giant cockroach (D:1)
  3 goblins
  3 hobgoblins (D:1)
  2 kobolds (D:1)
  A frilled lizard (D:1)
  2 rats (D:1)
16 creatures vanquished.

Grand Total: 22 creatures vanquished

Notes
Turn   | Place    | Note
-------+----------+-------------------------------------------
     0 | D:1      | Evilsethoss the Hill Orc Summoner began the quest for the Orb.
     0 | D:1      | Reached XP level 1. HP: 14/14 MP: 3/3
   277 | D:1      | Reached XP level 2. HP: 20/20 MP: 1/4
   288 | D:1      | Learned a level 2 spell: Call Imp
   941 | D:2      | Splashed by a jelly's acid

Vault maps used:
D:1:      minmay_arrival_doors, patterned_corridor
D:2:      cheibrodos_greedy_goblins, lemuel_round_altar,
          lemuel_coloured_pillars_altar

Action                   || total
-------------------------++-------
Melee: Whip              ||    25
       Unarmed           ||     1
 Cast: Summon Small Mamm ||     9
       Call Imp          ||     9
Armor: Robe              ||    23
Dodge: Dodged            ||    36

Table legend:
 A = Spawn XP
 B = Non-spawn XP
 C = Spawn XP percentage of total XP
 D = Spawn monster count
 E = Non-spawn monster count
 F = Spawn count percentage of total count
 G = Total turns spent on level
                    A         B        C        D         E        F      G
               +---------+---------+-------+---------+---------+-------+---------
         Total |       0 |      28 |   0.0 |       0 |      22 |   0.0 |   941
               +---------+---------+-------+---------+---------+-------+---------
           D:1 |       0 |      25 |   0.0 |       0 |      19 |   0.0 |   556
           D:2 |       0 |       3 |   0.0 |       0 |       3 |   0.0 |   385
               +---------+---------+-------+---------+---------+-------+---------
